 Dungeon Crawl Stone Soup version 0.20.0-10-g0535bb4 (webtiles) character file.

2193 Hasart the Grappler (level 9, 0/86 (88) HPs)
             Began as a Troll Monk on June 3, 2017.
             Was a High Priest of Okawaru.
             Slain by a hippogriff (4 damage)
             ... on level 7 of the Dungeon.
             The game lasted 00:08:47 (5643 turns).

Hasart the Grappler (Troll Monk)                    Turns: 5643, Time: 00:08:49

HP:   0/86 (88)     AC:  8    Str: 24    XL:     9   Next: 12%
MP:   20/20         EV:  9    Int:  6    God:    Okawaru [*****.]
Gold: 373           SH:  7    Dex: 12    Spells: 8/8 levels left

rFire    x . .     SeeInvis .     - Unarmed
rCold    + . .     Gourm    +   f - +0 shield
rNeg     . . .     Faith    .   a - +0 robe
rPois    .         Spirit   .   (helmet restricted)
rElec    .         Reflect  .   z - +1 cloak
rCorr    .         Harm     .   (gloves unavailable)
MR       .....                  (boots unavailable)
Stlth    ++........             v - amulet of regeneration
Regen    1.1/turn               l - ring of ice
MPRegen  0.2/turn               o - ring of magical power

@: lethally poisoned (0 -> 0)
A: unfitting armour, claws 3, fast metabolism 3, gourmand, regeneration 1,
shaggy fur 2, tough skin 2
a: Heroism, Finesse, Renounce Religion


You were on level 7 of the Dungeon.
You worshipped Okawaru.
Okawaru was extremely pleased with you.
You were not hungry.

You visited 1 branch of the dungeon, and saw 7 of its levels.

You collected 373 gold pieces.

Inventory:

Hand Weapons
 u - a +0 giant club
Armour
 a - a +0 robe (worn)
 f - a +0 shield (worn)
 z - a +1 cloak (worn)
Jewellery
 l - a ring of ice (left claw)
 o - a ring of magical power (right claw)
 v - an amulet of regeneration (around neck)
Wands
 A - a wand of paralysis (17/24)
 B - a wand of digging (13/24)
 G - a wand of polymorph (12/24)
Scrolls
 d - a scroll of fear {unknown}
 e - 9 scrolls of identify {unknown}
 g - 3 scrolls of fog {unknown}
 j - 5 scrolls of remove curse {unknown}
 k - a scroll of blinking {unknown}
 q - 2 scrolls of recharging {unknown}
 w - a scroll of noise {unknown}
 x - a scroll of enchant weapon {unknown}
 y - 2 scrolls of magic mapping {unknown}
 D - 2 scrolls of amnesia {unknown}
 E - a scroll of random uselessness {unknown}
Potions
 h - a potion of haste {unknown}
 m - 2 potions of degeneration {unknown}
 n - 2 potions of magic {unknown}
 p - 2 potions of lignification {unknown}
 r - 2 potions of heal wounds {unknown}
 s - 3 potions of curing {unknown}
 C - 2 potions of berserk rage {unknown}
 F - a potion of agility {unknown}
 H - a potion of resistance {unknown}
 I - a potion of mutation {unknown}
 J - a potion of might {unknown}
Comestibles
 b - 5 bread rations
 c - 2 royal jellies
 i - a meat ration
 t - 6 fruits


   Skills:
 + Level 5.2 Fighting
 + Level 0.6 Throwing
 + Level 5.0 Dodging
 - Level 1.0 Stealth
 * Level 8.1 Unarmed Combat
 + Level 4.7 Invocations


You had 8 spell levels left.
You didn't know any spells.

Dungeon Overview and Level Annotations

Branches:
Dungeon (7/15)             Temple (0/1) D:5

Altars:
Dithmenos
Elyvilon
Fedhas
Gozag
Nemelex Xobeh
Okawaru
Uskayaw
Xom
Yredelemnul

Shops:
D:4 :


Innate Abilities, Weirdness & Mutations

You are too large for most types of armour.
You have claws for hands.
Your metabolism is lightning-fast.
You like to eat raw meat.
Your natural rate of healing is unusually fast.
You are covered in thick fur. (AC +2)
You have very tough skin. (AC +2)


Message History

You feel sick. The hippogriff closely misses you. The hippogriff pecks you!
* * * LOW HITPOINT WARNING * * *
The hippogriff closely misses you. You block the hippogriff's attack.
The hippogriff barely misses you. The hippogriff claws you.
* * * LOW HITPOINT WARNING * * *
You claw the hippogriff!
The hippogriff is almost dead.
You feel sick. You block the hippogriff's attack.
The hippogriff barely misses you. The hippogriff claws you.
* * * LOW HITPOINT WARNING * * *
Unknown command.
Your shield prevents you from hitting the hippogriff.
The hippogriff is almost dead.
Unknown command.
You barely miss the hippogriff.
The hippogriff is almost dead.
You feel sick. The hippogriff bites you.
* * * LOW HITPOINT WARNING * * *
The hippogriff pecks you.
You die...

.............#
.............##........#
.............##........#
#.#..........##........#
#.#..........#.........#
#.#..........#.........#
#..........#.........#
#..........#.........#
#.............@H......
.........#†###.........
#.######+#.# #..$......
#..$.....########..
#......### . #.......#
.._.....# ........#
.#......#


You could see a hippogriff.

Vanquished Creatures
  Grinder (D:4)
  Eustachio (D:6)
  Edmund (D:5)
  The ghost of salade2fruit the Insei, an amateur OpTm (D:3)
  A sky beast (D:5)
  A necrophage (D:5)
  A phantom (D:6)
  An ogre (D:4)
  A gnoll sergeant (D:6)
  A scorpion (D:6)
  6 killer bees (D:7)
  3 wights (D:6)
  A crimson imp (D:6)
  A bullfrog zombie (D:6)
  3 hounds
  Crazy Yiuf (D:4)
  A centaur skeleton (D:4)
  An orc priest (D:5)
  2 orc wizards
  Ijyb (D:5)
  2 iguanas (D:6)
  5 worker ants
  A killer bee zombie (D:5)
  9 gnolls
  8 adders
  A shadow imp (D:7)
  An adder zombie (D:6)
  2 worms (D:4)
  3 leopard geckos
  10 orcs
  9 giant cockroaches
  8 goblins
  6 hobgoblins
  11 jackals
  A quokka (D:4)
  3 ball pythons
  2 bats (D:3)
  4 frilled lizards
  A jackal zombie (D:5)
  8 kobolds
  A quokka zombie (D:6)
  7 rats
133 creatures vanquished.

Vanquished Creatures (others)
  A plant (D:3)
1 creature vanquished.

Grand Total: 134 creatures vanquished

Notes
Turn   | Place    | Note
-------+----------+-------------------------------------------
     0 | D:1      | Hasart the Troll Monk began the quest for the Orb.
     0 | D:1      | Reached XP level 1. HP: 22/22 MP: 0/0
   155 | D:1      | Reached XP level 2. HP: 29/29 MP: 1/1
  1164 | D:2      | Reached XP level 3. HP: 36/36 MP: 2/2
  1174 | D:2      | Reached skill level 4 in Unarmed Combat
  1237 | D:2      | Found a sparkling altar of Nemelex Xobeh.
  1238 | D:2      | Found an opulent altar of Gozag.
  1339 | D:2      | Found an iron altar of Okawaru.
  1355 | D:2      | Became a worshipper of Warmaster Okawaru
  1355 | D:2      | Reached * piety under Okawaru
  1355 | D:2      | Reached ** piety under Okawaru
  2125 | D:3      | Reached XP level 4. HP: 44/44 MP: 3/3
  2254 | D:3      | Reached skill level 1 in Invocations
  2280 | D:3      | Found a hide-covered altar of Uskayaw.
  2359 | D:3      | Reached XP level 5. HP: 53/53 MP: 4/4
  2390 | D:3      | Noticed salade2fruit's ghost (amateur OpTm)
  2410 | D:3      | Killed salade2fruit's ghost
  2410 | D:3      | Reached skill level 5 in Unarmed Combat
  2688 | D:3      | Found a blossoming altar of Fedhas.
  2866 | D:4      | Noticed an ogre
  2875 | D:4      | Killed an ogre
  2875 | D:4      | Reached XP level 6. HP: 33/61 MP: 6/6
  3189 | D:4      | Found a white marble altar of Elyvilon.
  3207 | D:4      | Noticed Grinder
  3224 | D:4      | Killed Grinder
  3224 | D:4      | Reached *** piety under Okawaru
  3224 | D:4      | Reached XP level 7. HP: 47/68 MP: 7/7
  3330 | D:4      | Found Sexoism's Book Boutique.
  3371 | D:4      | Reached skill level 6 in Unarmed Combat
  3504 | D:4      | Found a runed door.
  3508 | D:4      | Noticed Crazy Yiuf
  3514 | D:4      | Paralysed by Crazy Yiuf for 5 turns
  3527 | D:4      | Killed Crazy Yiuf
  3624 | D:5      | Entered Level 5 of the Dungeon
  3699 | D:5      | Noticed Ijyb
  3709 | D:5      | Killed Ijyb
  3889 | D:5      | Found a staircase to the Ecumenical Temple.
  4058 | D:5      | Reached **** piety under Okawaru
  4058 | D:5      | Reached XP level 8. HP: 51/76 MP: 9/9
  4061 | D:5      | Gained mutation: You are covered in thick fur. (AC +2) [mutagenic meat]
  4091 | D:5      | Noticed Edmund
  4101 | D:5      | Killed Edmund
  4211 | D:5      | Found a shadowy altar of Dithmenos.
  4359 | D:6      | Reached skill level 7 in Unarmed Combat
  4656 | D:6      | Noticed Eustachio
  4667 | D:6      | Killed Eustachio
  4715 | D:6      | Reached skill level 5 in Fighting
  4863 | D:6      | Reached ***** piety under Okawaru
  4863 | D:6      | Reached skill level 8 in Unarmed Combat
  5461 | D:6      | Found a basalt altar of Yredelemnul.
  5608 | D:7      | Reached XP level 9. HP: 84/86 MP: 11/11
  5611 | D:7      | Found a shimmering altar of Xom.
  5630 | D:7      | Reached skill level 5 in Dodging
  5643 | D:7      | HP: 4/86 [hippogriff (2)]
  5643 | D:7      | Slain by a hippogriff

Skill      XL: |  1  2  3  4  5  6  7  8  9 |
---------------+----------------------------+-----
Unarmed Combat | 4 5 6 8 |  8.1
Invocations    | 1 2 3 4 |  4.7
Fighting       | 3 4 5 |  5.2
Dodging        | 3 4 5 |  5.0
Throwing       | |  0.6
Stealth        | |  1.0

Action                   |  1- 3 |  4- 6 |  7- 9 || total
-------------------------+-------+-------+-------++-------
Melee: Unarmed           |    99 |   112 |   248 ||   459
 Stab: Sleeping          |     5 |     2 |     2 ||     9
  Eat: Chunk             |    17 |    10 |    22 ||    49
       Royal jelly       |     2 |       |       ||     2
Armor: Robe              |    40 |    23 |    77 ||   140
Dodge: Dodged            |    27 |    30 |    86 ||   143
Block: Shield            |    23 |    29 |    84 ||   136
